 Dungeon Crawl Stone Soup version 0.32-a0-899-geb5ba95c15 (webtiles) character file.

Game seed: 10366429855093973986

12 GabrielManson the Apothecary (level 2, 0/19 HPs)
             Began as a Coglin Alchemist on Mar 5, 2024.
             Slain by a hobgoblin (3 damage)
             ... on level 1 of the Dungeon on Apr 5, 2024.
             The game lasted 00:02:41 (378 turns).

GabrielManson the Apothecary (Coglin Alchemist)      Turns: 378, Time: 00:02:41

Health: 0/19       AC:  3    Str:  8    XL:     2   Next: 33%
Magic:  5/5        EV: 11    Int: 14    God:
Gold:   0          SH:  0    Dex: 14    Spells: 4/5 levels left

rFire   . . .        (no weapon)
rCold   . . .        (no shield)
rNeg    . . .        a - +1 robe
rPois   .            (no helmet)
rElec   .            (no cloak)
rCorr   .            (no gloves)
SInv    .            (no boots)
Will    .....        (amulet unavailable)
Stlth   ++           (ring unavailable)
HPRegen 0.23/turn    (ring unavailable)
MPRegen 0.09/turn    (no gizmo)

%: no passive effects
@: revved
A: off-hand wielding, slow wielding, warmup strikes, no jewellery
a: Invent Gizmo


You were on level 1 of the Dungeon.
You visited 1 branch of the dungeon, and saw 1 of its levels.

Inventory:

Armour
 a - a +1 robe (worn)
Potions
 b - a potion of magic


   Skills:
 + Level 2.0 Dodging
 + Level 1.5 Stealth
 + Level 2.0 Spellcasting
 + Level 1.2 Conjurations
 + Level 3.5 Alchemy


You had 4 spell levels left.
You knew the following spells:

 Your Spells              Type           Power      Damage    Failure   Level
a - Sting                 Conj/Alch      32%        1d5       9%          1

Your spell library contained the following spells:

 Spells                   Type           Power      Damage    Failure   Level
 Mercury Vapours          Alch/Air       12%        N/A       17%         2
 Apportation              Tloc           2%         N/A       24%         1
 Necrotise                Necr           4%         1d4       24%         1
 Summon Small Mammal      Summ           4%         N/A       24%         1
 Mephitic Cloud           Conj/Alch/Air  5%         N/A       36%         3
 Olgreb's Toxic Radiance  Alch           11%        N/A       50%         4
 Sticky Flame             Fire/Alch      6%         2d4       75%         4


Dungeon Overview and Level Annotations

Branches:
Dungeon (1/15)

Altars:


Innate Abilities, Weirdness & Mutations

You can wield a second weapon in your off-hand.
It takes a long time for you to wield or remove held weapons.
Your first few attacks do less damage.
You cannot equip rings or amulets.


Message History

You are too injured to fight recklessly!
You are too injured to fight recklessly!
You are too injured to fight recklessly!
You are too injured to fight recklessly!
You are too injured to fight recklessly!
You are too injured to fight recklessly!
You closely miss the hobgoblin.
The hobgoblin is lightly wounded.
The bat hits you but does no damage. The rat misses you.
The hobgoblin completely misses you.
You hit the hobgoblin but do no damage.
The hobgoblin is lightly wounded.
The bat barely misses you.
The hobgoblin hits you but does no damage.
The rat bites you.
You hit the hobgoblin but do no damage.
The hobgoblin is lightly wounded.
The bat barely misses you. The hobgoblin hits you.
* * * LOW HITPOINT WARNING * * *
The rat closely misses you.
You barely miss the hobgoblin.
The hobgoblin is lightly wounded.
The bat barely misses you. The bat misses you. The rat bites you.
* * * LOW HITPOINT WARNING * * *
The hobgoblin barely misses you.
You hit the hobgoblin but do no damage.
The hobgoblin is lightly wounded.
The bat closely misses you. The hobgoblin closely misses you.
The rat bites you but does no damage.
You hit the hobgoblin.
The hobgoblin is moderately wounded.
The bat hits you but does no damage.
The hobgoblin hits you but does no damage.
The rat barely misses you.
You hit the hobgoblin.
The hobgoblin is heavily wounded.
The bat hits you.
* * * LOW HITPOINT WARNING * * *
The hobgoblin hits you.
You die...

#.#.....###.....#
..........#.....#
>.......... ....
...#.....##..#
...........!##### .
#..............
....#b.rg..........
.......@..........
..?##.##......### #
###......#
##...#.###
#........ #.....###
#........
...########.#.#...#
..............#....


You could see a hobgoblin, a bat and a rat.

Vanquished Creatures
  2 endoplasms (D:1)
  2 goblins (D:1)
  2 hobgoblins (D:1)
  A quokka (D:1)
  A ball python (D:1)
  A bat (D:1)
  2 rats (D:1)
11 creatures vanquished.

Notes
Turn   | Place    | Note
-------+----------+-------------------------------------------
     0 | D:1      | GabrielManson the Coglin Alchemist began the quest for the
                  | Orb.
     0 | D:1      | Reached XP level 1. HP: 13/13 MP: 3/3
   122 | D:1      | Reached skill level 1 in Conjurations
   181 | D:1      | Reached XP level 2. HP: 19/19 MP: 0/5
   275 | D:1      | Upgraded the game from 0.32-a0-613-g40f424ee2b to
                  | 0.32-a0-899-geb5ba95c15
   378 | D:1      | Slain by a hobgoblin

Illustrated notes

Levels and vault maps discovered:
D:1:      minmay_arrival_radiant_lines, layout_basic,
          ebering_ecumenical_altar_sacrificial

Skill      XL: |  1  2 |
---------------+-------+-----
Conjurations   | 1 |  1.2
Spellcasting   | 2 |  2.0
Dodging        | 2 |  2.0
Stealth        | |  1.5
Alchemy        | |  3.5

Action                     || total
---------------------------++-------
  Melee: Unarmed           ||    65
         Punch             ||     1
   Cast: Sting             ||     8
    Use: Potion            ||     3
         Scroll            ||     1
 Armour: Robe              ||    52
  Dodge: Dodged            ||    67

Table legend: (Time is in decaauts)
 A = Elapsed time spent in this place.
 B = Non-inter-level travel time spent in this place.
 C = Inter-level travel time spent in this place.
 D = Time resting spent in this place.
 E = Time spent auto-exploring this place.
 F = Levels seen in this place.
 G = Mean time per level.
                   A        B        C        D        E       F      G
               +--------+--------+--------+--------+--------+-----+--------+
         Total |    362 |    362 |      0 |     25 |    188 |   1 |  362.0 |
       Dungeon |    362 |    362 |      0 |     25 |    188 |   1 |  362.0 |
               +--------+--------+--------+--------+--------+-----+--------+

Top non-repeatable levels by time:
     D:1: 362 daAuts
